 Dungeon Crawl Stone Soup version 0.17.0-18-gaab0e96 (webtiles) character file.

1636 septik the Cleaver (level 8, -4/73 HPs)
             Began as a Minotaur Fighter on Nov 11, 2015.
             Was a Believer of Okawaru.
             Killed from afar by an electric eel (10 damage)
             ... with a bolt of electricity
             ... on level 6 of the Dungeon.
             The game lasted 00:12:38 (5617 turns).

septik the Cleaver (Minotaur Fighter)               Turns: 5617, Time: 00:12:39

Health: -4/73      AC: 10    Str: 23      XL:     8   Next: 66%
Magic:  7/7        EV: 11    Int:  5      God:    Okawaru [**....]
Gold:   347        SH: 10    Dex: 13 (15) Spells: 0 memorised, 7 levels left

rFire  . . .     SeeInvis .     H - +0 hand axe (flame)
rCold  . . .     Clarity  .     w - +0 chain mail
rNeg   . . .     SustAt   .     c - +0 shield
rPois  .         Gourm    .     (helmet restricted)
rElec  .         Spirit   .     (no cloak)
rCorr  .         Warding  .     (no gloves)
rMut   .         Stasis   .     (no boots)
MR     .....                    (no amulet)
Stlth  ..........               (no ring)
                                (no ring)

@: agile, not resistant to hostile enchantments, extremely unstealthy
A: retaliatory headbutt, horns 2
a: Heroism, Renounce Religion


You were on level 6 of the Dungeon.
You worshipped Okawaru.
Okawaru was pleased with you.
You were not hungry.

You visited 1 branch of the dungeon, and saw 6 of its levels.

You collected 347 gold pieces.

Inventory:

Hand Weapons
 a - a +0 war axe
 H - a +0 hand axe of flaming (weapon)
Missiles
 k - 134 stones (quivered)
 y - 2 needles of frenzy
Armour
 b - a +0 scale mail
 c - a +0 shield (worn)
 w - a +0 chain mail (worn)
 F - a +0 cloak
Wands
 m - a wand of frost (0)
 n - a wand of random effects (42)
 C - a wand of enslavement (11)
 D - a wand of slowing (27)
Scrolls
 g - 5 scrolls of identify {unknown}
 h - 4 scrolls of remove curse {unknown}
 j - a scroll of blinking {unknown}
 q - a scroll of amnesia {unknown}
 v - a scroll of enchant armour {unknown}
 B - 2 scrolls of magic mapping {unknown}
Potions
 d - a potion of might
 f - 2 potions of agility
 i - a potion of invisibility {unknown}
 l - a potion of degeneration
 u - 2 potions of ambrosia {unknown}
 x - a potion of curing {unknown}
 z - a potion of flight {unknown}
 A - a potion of poison {unknown}
 E - a potion of beneficial mutation {unknown}
Books
 r - Kikubaaqudgha's Guide on Darkness
   (You found it on level 3 of the Dungeon)

   Spells                             Type                      Level
   a - Animate Skeleton               Necromancy                   1
 s - Sif Muna's Almanac of Orientation
   (You found it on level 3 of the Dungeon)

   Spells                             Type                      Level
   a - Apportation                    Translocation                1
 t - Vehumet's Papyrus of Attacks
   (You found it on level 3 of the Dungeon)

   Spells                             Type                      Level
   a - Magic Dart                     Conjuration                  1
Comestibles
 e - 7 bread rations
 o - 5 fruits
 p - a beef jerky


   Skills:
 + Level 7.5 Fighting
 * Level 9.6 Axes
 + Level 7.6 Armour
 - Level 3.6 Shields


You had 7 spell levels left.
You didn't know any spells.

Dungeon Overview and Level Annotations

Branches:
Dungeon (6/15)
 Temple: D:4-7

Altars:
Dithmenos
Kikubaaqudgha
Nemelex Xobeh
Okawaru
Qazlal
Sif Muna
Vehumet


Innate Abilities, Weirdness & Mutations

You reflexively headbutt those who attack you in melee.
You have a pair of horns on your head.


Message History

The electric eel shoots out a bolt of lightning at you!
The bolt of electricity hits you!
* * * LOW HITPOINT WARNING * * *
The bolt of electricity hits you!
* * * LOW HITPOINT WARNING * * *
The bolt of electricity hits the electric eel.
The electric eel completely resists.
Drink which item? (? for menu, Esc to quit)
It was a potion of degeneration.
There was something very wrong with that liquid.
You feel clumsy.
Drink which item? (? for menu, Esc to quit)
It was a potion of agility.
You feel agile all of a sudden.
Unknown command.
You hit the electric eel. You burn the electric eel.
The electric eel is almost dead.
The electric eel shoots out a bolt of lightning at you!
The bolt of electricity hits you!
You die...

#......# .# #......#
##.##. #.....%# #.....
.####.....#########...
..?........$.)....#.#
#.....#....######...####
#.......PP≈## ##......
#.#.#...≈P..####.####.
#..@≈P≈P≈P≈....# #.
#<..;≈♣♣♣♣≈P≈...# #.
#..P≈♣♣ ♣♣≈P...###.
#..P≈♣ ♣P≈P.......
#..≈P♣ ♣≈≈P###.###
#..P≈≈ ≈≈≈≈.. #..#
##..PP ≈≈≈≈.... #.#
######P.P≈....# .#


You could see an electric eel.

Vanquished Creatures
  Sigmund (D:3)
  2 sky beasts
  2 phantoms
  3 ogres
  A black bear (D:6)
  2 electric eels (D:6)
  2 orc priests
  A crimson imp (D:4)
  An iguana (D:5)
  2 hounds (D:4)
  Jessica (D:2)
  Terence (D:2)
  5 orc wizards
  4 worker ants
  2 hound skeletons (D:6)
  9 adders
  3 shadow imps (D:6)
  An ooze (D:2)
  A worm (D:3)
  6 giant geckos
  6 orcs
  7 bats
  4 giant cockroaches
  8 hobgoblins
  11 jackals
  4 kobolds
  6 quokkas
  2 ball pythons
  9 giant newts
  11 goblins
  A quokka skeleton (D:4)
  18 rats
137 creatures vanquished.

Vanquished Creatures (others)
  2 jackals (D:6)
2 creatures vanquished.

Grand Total: 139 creatures vanquished

Notes
Turn   | Place    | Note
--------------------------------------------------------------
     0 | D:1      | septik the Minotaur Fighter began the quest for the Orb.
     0 | D:1      | Reached XP level 1. HP: 19/19 MP: 0/0
   235 | D:1      | Reached XP level 2. HP: 27/27 MP: 1/1
   771 | D:2      | Reached skill level 4 in Armour
   775 | D:2      | Reached XP level 3. HP: 33/33 MP: 2/2
   895 | D:2      | Noticed Terence
   927 | D:2      | Killed Terence
   927 | D:2      | Reached XP level 4. HP: 24/40 MP: 3/3
  1170 | D:2      | Noticed Jessica
  1472 | D:2      | Killed Jessica
  1515 | D:2      | Found a sparkling altar of Nemelex Xobeh.
  1588 | D:2      | Found a shadowy altar of Dithmenos.
  1588 | D:2      | Found a stormy altar of Qazlal.
  1862 | D:2      | Reached XP level 5. HP: 47/47 MP: 4/4
  1872 | D:3      | Reached skill level 5 in Axes
  1967 | D:3      | Found an iron altar of Okawaru.
  1975 | D:3      | Became a worshipper of Warmaster Okawaru
  2090 | D:3      | Found a radiant altar of Vehumet.
  2092 | D:3      | Found an ancient bone altar of Kikubaaqudgha.
  2092 | D:3      | Found a deep blue altar of Sif Muna.
  2097 | D:3      | Identified Kikubaaqudgha's Guide on Darkness
  2106 | D:3      | Identified Sif Muna's Almanac of Orientation
  2113 | D:3      | Identified Vehumet's Papyrus of Attacks
  2437 | D:3      | Noticed Sigmund
  2450 | D:3      | Killed Sigmund
  2450 | D:3      | Reached skill level 5 in Fighting
  2450 | D:3      | Reached skill level 6 in Axes
  2450 | D:3      | Reached skill level 5 in Armour
  2450 | D:3      | Reached XP level 6. HP: 19/56 MP: 5/5
  2671 | D:3      | Reached * piety under Okawaru
  3198 | D:4      | Reached skill level 7 in Axes
  3198 | D:4      | Reached XP level 7. HP: 55/62 MP: 6/6
  3507 | D:5      | Entered Level 5 of the Dungeon
  3860 | D:5      | Reached skill level 8 in Axes
  4025 | D:5      | Reached XP level 8. HP: 45/71 MP: 7/7
  4043 | D:5      | Reached ** piety under Okawaru
  4650 | D:6      | Reached skill level 9 in Axes
  5617 | D:6      | Killed from afar by an electric eel

Action                   |  1- 3 |  4- 6 |  7- 9 || total
-------------------------+-------+-------+-------++-------
Melee: War axe           |    98 |   153 |   148 ||   399
       Hand axe          |       |       |     8 ||     8
Throw: Stone             |       |     1 |       ||     1
Invok: Heroism           |       |       |     1 ||     1
  Use: Potion            |       |       |     2 ||     2
  Eat: Chunk             |       |     8 |     8 ||    16
